 Dungeon Crawl Stone Soup version 0.29.0-4-gdea44cf6ec (webtiles) character file.

Game seed: 6334847553895844043

261 qw the Chopper (level 6, -15/35 HPs)
             Began as a Tengu Warper on Aug 28, 2022.
             Demolished by an ogre
             ... wielding a +0 giant spiked club
              (21 damage)
             ... on level 5 of the Dungeon.
             The game lasted 00:00:22 (3688 turns).

qw the Chopper (Tengu Warper)                       Turns: 3688, Time: 00:00:22

Health: -15/35     AC: 10    Str: 13    XL:     6   Next: 18%
Magic:  10/10      EV:  8    Int: 13    God:
Gold:   46         SH:  5    Dex: 14    Spells: 9/9 levels left

rFire   . . .      SeeInvis .   Y - +4 hand axe
rCold   . . .      Faith    .   (no shield)
rNeg    . . .      Spirit   .   d - +0 plate armour
rPois   .          Reflect  +   (helmet restricted)
rElec   .          Harm     .   (no cloak)
rCorr   +          Rampage  .   (no gloves)
Will    .....                   (boots unavailable)
Stlth   ..........              e - amulet of reflection
HPRegen 0.11/turn               k - +4 ring of evasion
MPRegen 0.12/turn               q - ring of resist corrosion

@: about to teleport, flying quickly and evasively, quick
A: beak, talons 3, nimble flight
a: no special abilities


You were on level 5 of the Dungeon.
You visited 1 branch of the dungeon, and saw 5 of its levels.

You collected 156 gold pieces.
You spent 110 gold pieces at shops.


Innate Abilities, Weirdness & Mutations

You have a beak for a mouth.
You have claws for feet.
Your magical nature lets you fly swiftly and evasively.


   Skills:
 - Level 2.0 Fighting
 + Level 6.6 Axes
 - Level 1.0 Throwing
 - Level 2.1 Armour
 - Level 2.1 Dodging
 - Level 2.0 Spellcasting
 - Level 2.4 Translocations


You had 9 spell levels left.
You didn't know any spells.
Your spell library contained the following spells:

 Spells                   Type           Power      Damage    Failure   Level
 Blink                    Tloc           14%        N/A       100%        2
 Gell's Gravitas          Tloc           7%         N/A       100%        3
 Lesser Beckoning         Tloc           7%         N/A       100%        3
 Teleport Other           Tloc           7%         N/A       100%        3
 Manifold Assault         Tloc           7%         N/A       100%        5

Inventory:

Hand Weapons
 h - a +0 morningstar
 Y - a +4 hand axe (weapon)
Missiles
 o - 3 boomerangs (quivered)
Armour
 d - a +0 plate armour (worn)
Jewellery
 e - an amulet of reflection (around neck)
 k - a +4 ring of evasion (left hand)
 q - a ring of resist corrosion (right hand)
Scrolls
 g - 3 scrolls of teleportation
 m - 2 scrolls of identify
Potions
 a - a potion of resistance
 b - 4 potions of curing
 c - a potion of might
 f - a potion of experience {unknown}
 p - a potion of cancellation

Dungeon Overview and Level Annotations

Branches:
Dungeon (5/15)             Temple (0/1) D:5

Altars:
Zin

Shops:
D:4 ?


Message History

You kill the iguana!
You hit the ufetubus. You block the ufetubus's attack.
The ufetubus closely misses you.
You barely miss the ufetubus.
The ufetubus is heavily wounded.
The ufetubus closely misses you.
The ufetubus hits you but does no damage. x2
The ufetubus hits you.
You closely miss the ufetubus. Your kick misses the ufetubus.
The ufetubus is heavily wounded.
The ufetubus hits you. You block the ufetubus's attack.
You barely miss the ufetubus. You claw the ufetubus.
You kill the ufetubus!
3672 ||| FLEEEEING.
3673 ||| FLEEEEING.
3674 ||| FLEEEEING.
3675 ||| FLEEEEING.
3676 ||| FLEEEEING.
3677 ||| FLEEEEING.
An orc comes into view. It is wielding a +0 falchion.
Found a staircase to the Ecumenical Temple.
3678 ||| PLANNING TEMPLE
3678 ||| FLEEEEING.
3679 ||| FLEEEEING.
An ogre opens the door.
3680 ||| FLEEEEING.
3681 ||| FLEEEEING.
3682 ||| FLEEEEING.
3683 ||| FLEEEEING.
3684 ||| FLEEEEING.
A centaur comes into view. It is wielding a +0 dagger.
The ogre hits you with a +0 giant spiked club!
3687 ||| READING 4 scrolls of teleportation.
As you read the scroll of teleportation, it crumbles to dust.
You feel strangely unstable.
You hit the ogre but do no damage. You claw the ogre.
The ogre is lightly wounded.
The ogre hits you with a +0 giant spiked club!!
Ouch! That really hurt!
You die...

. #.##..# . #....##...## ..
#.....o.>.. ... ... #....# ...
#........
...########.##..##.##..##..<..
....(........##..#.#..##....#
...........'..##.....##.....+
...........#...#.....#......####.
......!.......oO@................
.....[..........#................
.................................
............##+####.........####
#########+#.#.....<.........#
#.#..####.........#
#.#..#............#
#.#..#.###.....)..#
#.#..#............#


You could see an ogre and an orc.

Vanquished Creatures
  A hound (D:4)
  2 iguanas (D:5)
  Natasha (thrice) (D:4)
  4 adders
  A shadow imp (D:5)
  An ufetubus (D:5)
  A dart slug (D:4)
  An orc (D:3)
  3 ball pythons
  7 endoplasms
  A giant cockroach (D:2)
  5 goblins
  6 hobgoblins
  3 quokkas (D:1)
  6 bats
  A frilled lizard (D:3)
  5 kobolds
  7 rats
58 creatures vanquished.

Notes
Turn   | Place    | Note
-------+----------+-------------------------------------------
     0 | D:1      | qw the Tengu Warper began the quest for the Orb.
     0 | D:1      | Reached XP level 1. HP: 12/12 MP: 4/4
     0 | D:1      | 0 ||| qw: Version: 0.1-a-89-g26bdef1
     0 | D:1      | 0 ||| qw: Game counter: 969
     0 | D:1      | 0 ||| qw: Always use a shield: true
     0 | D:1      | 0 ||| qw: God list: Okawaru
     0 | D:1      | 0 ||| qw: Allow faded altars: false
     0 | D:1      | 0 ||| qw: Do Orc after D:15 true
     0 | D:1      | 0 ||| qw: Do second Lair branch before Depths: true
     0 | D:1      | 0 ||| qw: Lair rune preference: random
     0 | D:1      | 0 ||| qw: Plans: Normal
     0 | D:1      | 0 ||| PLANNING D:1-11
   370 | D:1      | Reached XP level 2. HP: 17/17 MP: 6/6
   376 | D:1      | 376 ||| DROPPING +0 club.
   386 | D:1      | 386 ||| Stepping ~*~*~tactically~*~*~ (stealth).
   390 | D:1      | Reached skill level 3 in Axes
   672 | D:1      | 672 ||| UPGRADING to +0 plate armour.
   682 | D:1      | 682 ||| DROPPING +0 leather armour.
   683 | D:1      | 683 ||| DROPPING +0 ring mail.
   684 | D:1      | 684 ||| DROPPING +0 chain mail.
   685 | D:1      | 685 ||| UPGRADING to +4 ring of evasion.
   686 | D:1      | 686 ||| READING scroll labelled ICEEMEEVVI.
   787 | D:1      | 787 ||| READING 2 scrolls labelled YPHIFOUCZI.
   792 | D:1      | 792 ||| DROPPING scroll of blinking.
  1001 | D:2      | Reached skill level 4 in Axes
  1001 | D:2      | Reached XP level 3. HP: 21/21 MP: 7/7
  1219 | D:2      | Found a faded altar of an unknown god.
  1271 | D:2      | Found a glowing silver altar of Zin.
  1729 | D:2      | 1729 ||| UPGRADING to amulet of reflection.
  1734 | D:2      | 1734 ||| READING scroll labelled QAOR HIODIANEN.
  1735 | D:2      | 1735 ||| READING scroll labelled HACIETYMAI.
  1736 | D:2      | 1736 ||| DRINKING 4 fuming inky potions.
  1835 | D:3      | Reached XP level 4. HP: 26/26 MP: 8/8
  2001 | D:3      | 2001 ||| READING 3 scrolls of enchant weapon.
  2001 | D:3      | 2001 ||| ENCHANTING +1 hand axe.
  2002 | D:3      | 2002 ||| READING 2 scrolls of enchant weapon.
  2002 | D:3      | 2002 ||| ENCHANTING +2 hand axe.
  2003 | D:3      | 2003 ||| READING scroll of enchant weapon.
  2003 | D:3      | 2003 ||| ENCHANTING +3 hand axe.
  2083 | D:3      | 2083 ||| DROPPING +0 mace.
  2371 | D:3      | 2371 ||| READING scroll labelled LANNIONOBU.
  2372 | D:3      | 2372 ||| READING 2 scrolls labelled LUV GUPAHOUR.
  2373 | D:3      | 2373 ||| DRINKING 2 bubbling amethyst potions.
  2412 | D:3      | 2412 ||| DRINKING 2 silvery potions.
  2413 | D:3      | 2413 ||| DROPPING potion of lignification.
  2414 | D:3      | 2414 ||| DROPPING potion of brilliance.
  2557 | D:4      | Found Hatoh's Magic Scroll Shop.
  2559 | D:4      | 2559 ||| Stepping ~*~*~tactically~*~*~ (hiding).
  2576 | D:4      | 2576 ||| BUYING scroll of identify (22 gold).
  2576 | D:4      | Bought a scroll of identify for 22 gold pieces
  2576 | D:4      | 2576 ||| BUYING scroll of identify (22 gold).
  2576 | D:4      | Bought a scroll of identify for 22 gold pieces
  2576 | D:4      | 2576 ||| BUYING scroll of identify (22 gold).
  2576 | D:4      | Bought a scroll of identify for 22 gold pieces
  2576 | D:4      | 2576 ||| BUYING scroll of identify (22 gold).
  2576 | D:4      | Bought a scroll of identify for 22 gold pieces
  2576 | D:4      | 2576 ||| BUYING scroll of identify (22 gold).
  2576 | D:4      | Bought a scroll of identify for 22 gold pieces
  2605 | D:4      | Found a glowing silver altar of Zin.
  2605 | D:4      | Noticed an angel
  2747 | D:4      | 2747 ||| Stepping ~*~*~tactically~*~*~ (stealth).
  2799 | D:4      | Noticed Natasha
  2805 | D:4      | Killed Natasha
  2806 | D:4      | Reached skill level 5 in Axes
  2815 | D:4      | Noticed Natasha
  2823 | D:4      | Killed Natasha
  2824 | D:4      | Gained mutation: Your magical nature lets you fly swiftly
                  | and evasively. [Tengu growth]
  2824 | D:4      | Reached XP level 5. HP: 25/30 MP: 9/9
  3039 | D:4      | Noticed Natasha
  3040 | D:4      | 3040 ||| Stepping ~*~*~tactically~*~*~ (hiding).
  3048 | D:4      | Killed Natasha
  3049 | D:4      | Reached skill level 6 in Axes
  3425 | D:4      | 3425 ||| UPGRADING to ring of resist corrosion.
  3426 | D:4      | 3426 ||| READING scroll labelled POBBUG ONEPYLL.
  3427 | D:4      | 3427 ||| DRINKING 2 lumpy amethyst potions.
  3428 | D:4      | 3428 ||| READING 8 scrolls of identify.
  3428 | D:4      | 3428 ||| IDENTIFYING lumpy black potion
  3429 | D:4      | 3429 ||| READING 7 scrolls of identify.
  3429 | D:4      | 3429 ||| IDENTIFYING yellow potion
  3430 | D:4      | 3430 ||| READING 6 scrolls of identify.
  3430 | D:4      | 3430 ||| IDENTIFYING metallic puce potion
  3431 | D:4      | 3431 ||| READING 5 scrolls of identify.
  3431 | D:4      | 3431 ||| IDENTIFYING red potion
  3432 | D:4      | 3432 ||| READING 4 scrolls of identify.
  3432 | D:4      | 3432 ||| IDENTIFYING metallic pink potion
  3433 | D:4      | 3433 ||| READING 3 scrolls of identify.
  3433 | D:4      | 3433 ||| IDENTIFYING grey potion
  3434 | D:4      | 3434 ||| DROPPING potion of flight.
  3435 | D:4      | 3435 ||| DROPPING potion of attraction.
  3436 | D:4      | 3436 ||| DROPPING potion of ambrosia.
  3437 | D:4      | 3437 ||| DROPPING potion of berserk rage.
  3481 | D:5      | Entered Level 5 of the Dungeon
  3495 | D:5      | Reached XP level 6. HP: 23/35 MP: 10/10
  3613 | D:5      | 3613 ||| DROPPING +0 whip of electrocution.
  3672 | D:5      | 3672 ||| FLEEEEING.
  3673 | D:5      | 3673 ||| FLEEEEING.
  3674 | D:5      | 3674 ||| FLEEEEING.
  3675 | D:5      | 3675 ||| FLEEEEING.
  3676 | D:5      | 3676 ||| FLEEEEING.
  3677 | D:5      | 3677 ||| FLEEEEING.
  3677 | D:5      | Found a staircase to the Ecumenical Temple.
  3678 | D:5      | 3678 ||| PLANNING TEMPLE
  3678 | D:5      | 3678 ||| FLEEEEING.
  3679 | D:5      | 3679 ||| FLEEEEING.
  3680 | D:5      | 3680 ||| FLEEEEING.
  3681 | D:5      | 3681 ||| FLEEEEING.
  3682 | D:5      | 3682 ||| FLEEEEING.
  3683 | D:5      | 3683 ||| FLEEEEING.
  3684 | D:5      | 3684 ||| FLEEEEING.
  3686 | D:5      | HP: 6/35 [ogre/+0 giant spiked club (12)]
  3687 | D:5      | 3687 ||| READING 4 scrolls of teleportation.
  3688 | D:5      | Demolished by an ogre

Levels and vault maps discovered:
D:1:      dpeg_arrival_round_a, layout_rooms, minmay_crystal_room
D:2:      layout_basic, hellmonk_ecumenical_altar_lost_god, basic_altar,
          kennysheep_crisscross
D:3:      layout_rooms, minivault_4, corexii_leaking_fountain, minivault_23,
          roderic_roman_lattice, minmay_misc_feat_cross
D:4:      layout_gridville, zin_angel, serial_shops, nicolae_square_shop,
          chequers_serial_rivers_micro_d, kennysheep_generic_room_14,
          uniq_natasha
D:5:      kennysheep_steamy, layout_basic, minmay_temple_entry_waves,
          nicolae_shop_i_like_big_books, amcnicky_mini_pool_small, minivault_11,
          uniq_duvessa

Skill      XL: |  1  2  3  4  5 |
---------------+----------------+-----
Axes           | 4 5 6 |  6.6
Armour         | 2 |  2.1
Fighting       | |  2.0
Throwing       | |  1.0
Dodging        | |  2.1
Spellcasting   | |  2.0
Translocations | |  2.4

Action                   |  1- 3 |  4- 6 || total
-------------------------+-------+-------++-------
Melee: Hand axe          |    77 |    66 ||   143
       Kick              |    17 |    17 ||    34
       Peck              |     3 |     9 ||    12
Throw: Boomerang         |     7 |     8 ||    15
  Use: Scroll            |     4 |    13 ||    17
       Potion            |     1 |     3 ||     4
Armor: Leather armour    |     9 |       ||     9
       Plate armour      |    38 |    28 ||    66
Dodge: Dodged            |    35 |    18 ||    53
Block: Other             |     2 |    11 ||    13

Table legend:
 A = Non-vault XP
 B = Vault XP
 C = Vault XP percentage of total XP
 D = Non-vault monster count
 E = Vault monster count
 F = Vault count percentage of total count
                 A         B        C        D         E       F
            +---------+---------+-------+---------+---------+-------
      Total |     337 |      37 |   9.9 |      56 |       2 |   3.4
            +---------+---------+-------+---------+---------+-------
        D:1 |      22 |       0 |   0.0 |      14 |       0 |   0.0
        D:2 |      52 |       0 |   0.0 |      13 |       0 |   0.0
        D:3 |      39 |       0 |   0.0 |      16 |       0 |   0.0
        D:4 |     130 |      37 |  22.2 |       9 |       2 |  18.2
        D:5 |      94 |       0 |   0.0 |       4 |       0 |   0.0
            +---------+---------+-------+---------+---------+-------
